 Dungeon Sprint DCSS version 0.19.5 (webtiles) character file.

1891 JeffiDaFish the Fighter (level 9, -4/114 HPs)
             Began as an Ogre Berserker on Dec 9, 2017.
             Was a Priest of Trog.
             Slain by a hornet (12 damage)
             ... in the Dungeon (Sprint I: "Red Sonja").
             The game lasted 00:03:10 (833 turns).

JeffiDaFish the Fighter (Ogre Berserker)             Turns: 833, Time: 00:03:11

Health: -4/114     AC:  3    Str: 24    XL:     9   Next: 15%
Magic:  9/9        EV: 15    Int:  6    God:    Trog [***...]
Gold:   405        SH:  0    Dex: 12    Spells: 0 memorised, 8 levels left

rFire  . . .     SeeInvis .     k - +0 scythe
rCold  . . .     Gourm    .     l - +0 robe
rNeg   . . .     Faith    .     (shield currently unavailable)
rPois  .         Spirit   .     (helmet restricted)
rElec  .         Reflect  .     (no cloak)
rCorr  .         Harm     .     (gloves unavailable)
MR     .....     NoTele   +     (boots unavailable)
Stlth  ++........               (no amulet)
                                (no ring)
                                (no ring)

@: exhausted, very slightly contaminated, hasted and slowed
A: unfitting armour, tough skin 1
a: Berserk, Trog's Hand, Burn Spellbooks, Renounce Religion


You were in the Dungeon.
You worshipped Trog.
Trog was most pleased with you.
You were hungry.

You visited 1 branch You collected 405 gold pieces.

Inventory:

Hand Weapons
 a - a +0 spear
 k - a +0 scythe (weapon)
Armour
 l - a +0 robe (worn)
Potions
 g - 2 potions of magic
 h - a potion of berserk rage
Comestibles
 c - 2 bread rations


   Skills:
 + Level 14.4 Fighting
 + Level 12.7 Polearms
 + Level 10.2 Dodging
 + Level 1.4 Stealth


You had 8 spell levels left.
You didn't know any spells.

Dungeon Overview and Level Annotations

Branches:
Dungeon (1/1)

Altars:
Cheibriados
Dithmenos
Elyvilon
Fedhas
Gozag
Hepliaklqana
Kikubaaqudgha
Makhleb
Nemelex Xobeh
Okawaru
Qazlal
Ru
Sif Muna
Trog
Uskayaw
Vehumet
Xom
Yredelemnul
Zin
The Shining One
Jiyva
Lugonu

Shops:
D (


Innate Abilities, Weirdness & Mutations

You are too large for most types of armour.
You have tough skin. (AC +1)


Message History

Splash!
You fall into the shallow water.
Moving in this stuff is going to be slow.
As you read the scroll of blinking, it crumbles to dust.
There is an open door, spattered with blood here.
Things that are here:
a shortbow; 25 arrows You see here a ring mail.
There is an open door here.
You're too exhausted to go berserk.
You barely miss the hornet.
The hornet is moderately wounded.
The hornet stings you!
* * * LOW HITPOINT WARNING * * *
You feel as though you will be slow longer.
The hornet barely misses you.
You miss the hornet.
The hornet is moderately wounded.
The hornet stings you!
You die...

######################
#<.#..)..#..'..#__#..+
#..[..#..'[.#.@'^.'..#
#..#####'#####y#__####
#..####..#...#.####§(# ##
#..#__####..##§#≈§§§.#§$#
#..#_____##'#.§§§yy§§y§§#
#⌠⌠#_.∩...'..._#§§§§§#$$#
####_..__##_.#(##'#### +#
#_____###+#)#)§.§#
####### ####+###


You could see a hornet.

Vanquished Creatures
  2 centaur warriors (D)
  A slime creature (D)
  Sigmund (D)
  A yak (D)
  An ogre (D)
  A jelly (D)
  Ijyb (D)
8 creatures vanquished.

Notes
Turn   | Place    | Note
-------+----------+-------------------------------------------
     0 | D        | JeffiDaFish the Ogre Berserker began the quest for the Orb.
     0 | D        | Reached XP level 1. HP: 24/24 MP: 1/1
     1 | D        | Noticed Ijyb
    19 | D        | Killed Ijyb
    19 | D        | Reached skill level 5 in Fighting
    19 | D        | Reached XP level 2. HP: 26/36 MP: 2/2
    19 | D        | Reached XP level 3. HP: 31/44 MP: 3/3
   108 | D        | Noticed an ogre
   113 | D        | Killed an ogre
   113 | D        | Reached skill level 7 in Fighting
   113 | D        | Reached skill level 5 in Dodging
   113 | D        | Reached XP level 4. HP: 57/57 MP: 4/4
   161 | D        | Noticed Sigmund
   166 | D        | Killed Sigmund
   166 | D        | Reached ** piety under Trog
   166 | D        | Reached skill level 10 in Fighting
   166 | D        | Reached XP level 5. HP: 68/68 MP: 5/5
   166 | D        | Reached XP level 6. HP: 78/78 MP: 6/6
   210 | D        | Found a deep blue altar of Sif Muna.
   213 | D        | Found a burning altar of Makhleb.
   213 | D        | Found a viscous altar of Jiyva.
   213 | D        | Found a shimmering altar of Xom.
   213 | D        | Found a corrupted altar of Lugonu.
   213 | D        | Noticed a slime creature
   222 | D        | Killed a slime creature
   222 | D        | Reached skill level 11 in Fighting
   222 | D        | Reached XP level 7. HP: 37/88 MP: 7/7
   425 | D        | Found a radiant altar of Vehumet.
   478 | D        | Found Zuff's Antique Weapon Emporium.
   478 | D        | Found an ancient bone altar of Kikubaaqudgha.
   478 | D        | Found a hazy altar of Hepliaklqana.
   478 | D        | Found a stormy altar of Qazlal.
   478 | D        | Found a hide-covered altar of Uskayaw.
   478 | D        | Found a blossoming altar of Fedhas.
   478 | D        | Found a bloodstained altar of Trog.
   478 | D        | Found an iron altar of Okawaru.
   478 | D        | Found a basalt altar of Yredelemnul.
   478 | D        | Found a glowing golden altar of the Shining One.
   478 | D        | Found a snail-covered altar of Cheibriados.
   478 | D        | Found a sacrificial altar of Ru.
   478 | D        | Found a glowing silver altar of Zin.
   478 | D        | Found a shadowy altar of Dithmenos.
   478 | D        | Found a white marble altar of Elyvilon.
   478 | D        | Noticed a yak
   480 | D        | Killed a yak
   480 | D        | Reached *** piety under Trog
   481 | D        | Found an opulent altar of Gozag.
   482 | D        | Found a sparkling altar of Nemelex Xobeh.
   498 | D        | Noticed a centaur warrior
   499 | D        | Noticed a centaur warrior
   523 | D        | Killed a centaur warrior
   523 | D        | Reached skill level 13 in Fighting
   523 | D        | Reached skill level 1 in Stealth
   523 | D        | Reached XP level 8. HP: 83/102 MP: 8/8
   530 | D        | Killed a centaur warrior
   530 | D        | Reached skill level 14 in Fighting
   530 | D        | Reached skill level 10 in Dodging
   530 | D        | Reached XP level 9. HP: 52/114 MP: 9/9
   811 | D        | Noticed a hornet
   813 | D        | Paralysed by a hornet for 3 turns
   820 | D        | Paralysed by a hornet for 2 turns
   833 | D        | Slain by a hornet

Skill      XL: |  1  2  3  4  5  6  7  8 |
---------------+-------------------------+-----
Fighting       | 5 7 10 11 13 14 | 14.4
Polearms       | 4 6 8 9 11 12 | 12.7
Dodging        | 4 5 7 9 10 | 10.2
Stealth        | 1 |  1.4

Action                   |  1- 3 |  4- 6 |  7- 9 || total
-------------------------+-------+-------+-------++-------
Melee: Spear             |    23 |     5 |       ||    28
       Scythe            |       |     9 |    21 ||    30
Invok: Berserk           |     1 |     1 |     2 ||     4
  Use: Potion            |       |       |     4 ||     4
       Scroll            |       |       |     1 ||     1
  Eat: Chunk             |       |       |     3 ||     3
Armor: Animal skin       |     4 |       |       ||     4
       Robe              |       |       |     2 ||     2
Dodge: Dodged            |     6 |     5 |    16 ||    27
